 Dungeon Sprint DCSS version 0.29-a0-732-g3d7fbe0af2 (webtiles) character file.

Game seed: 11051614604018822730

253 manyhoops the Fighter (level 5, -6/61 HPs)
             Began as a Demigod Fighter on June 29, 2022.
             Mangled by a neqoxec (9 damage)
             ... in the Dungeon (Sprint II: "The Violet Keep of Menkaure").
             The game lasted 00:00:26 (22 turns).

manyhoops the Fighter (Demigod Fighter)               Turns: 22, Time: 00:00:27

Health: -6/61      AC:  6    Str: 17      XL:     5   Next: 58%
Magic:  7/7        EV:  8    Int:  6 (14) God:
Gold:   0          SH:  4    Dex: 11      Spells: 4/4 levels left

rFire   . . .      SeeInvis .   a - +0 war axe
rCold   . . .      Faith    .   c - +0 buckler
rNeg    . . .      Spirit   .   b - +0 scale mail
rPois   .          Reflect  .   (no helmet)
rElec   .          Harm     .   (no cloak)
rCorr   .          Rampage  .   (no gloves)
Will    .....      NoTele   +   (no boots)
Stlth   ..........              (no amulet)
HPRegen 0.20/turn               (no ring)
MPRegen 0.10/turn               (no ring)

@: mighty, on berserk cooldown, slowed, very slow
A: high MP 1, forlorn, divine attributes, clumsy 1, deterioration 1, subdued
magic 1
a: no special abilities


You were in the Dungeon.
You visited 1 branch

Inventory:

Hand Weapons
 a - a +0 war axe (weapon)
Armour
 b - a +0 scale mail (worn)
 c - a +0 buckler (worn)
Scrolls
 j - a scroll of blinking
Potions
 e - a potion of curing
 g - a potion of haste
 h - 2 potions of magic


   Skills:
 + Level 11.5 Fighting
 - Level 1.7 Axes
 - Level 2.6 Armour
 - Level 2.6 Shields


You had 4 spell levels left.
You didn't know any spells.
Your spell library was empty.

Dungeon Overview and Level Annotations

Branches:
Dungeon (1/1)


Innate Abilities, Weirdness & Mutations

You have an increased reservoir of magic. (+10% MP)
You shall have no god before yourself.
Your divine heritage dramatically boosts your attributes as you level up.
You are clumsy. (Dex -2)
Your body sometimes deteriorates upon taking damage.
Your spells are a little easier to cast, but a little less powerful.


Message History

* * * LOW HITPOINT WARNING * * *
The neqoxec gestures at you.
Strange energies course through your body.
You feel yourself wasting away.
You slice the neqoxec!!
The neqoxec is almost dead.
The neqoxec hits you.
* * * LOW HITPOINT WARNING * * *
The neqoxec gestures at you.
You feel dopey. Something feeds on your intellect! The neqoxec gestures at you.
Something tries to feed on your intellect!
You hit the neqoxec.
The neqoxec is almost dead.
The neqoxec barely misses you. The neqoxec gestures at you.
You feel dopey. Something feeds on your intellect!
The neqoxec hits you but does no damage.
The neqoxec gestures at you.
You feel dopey. Something feeds on your intellect!
You barely miss the neqoxec.
The neqoxec is almost dead.
The neqoxec gestures at you.
Strange energies course through your body.
The neqoxec gestures at you.
Something tries to feed on your intellect!
The neqoxec hits you.
* * * LOW HITPOINT WARNING * * *
Unknown command.
You miss the neqoxec.
The neqoxec is almost dead.
The neqoxec gestures at you.
Something tries to feed on your intellect!
The neqoxec gestures at you.
You feel dopey. Something feeds on your intellect! The neqoxec hits you!
You die...

## .#
3##
#3#
##@##
+.<.+
##.##
#+#


You could see 2 neqoxecs.

Vanquished Creatures
  2 neqoxecs (D)
2 creatures vanquished.

Notes
Turn   | Place    | Note
-------+----------+-------------------------------------------
     0 | D        | manyhoops the Demigod Fighter began the quest for the Orb.
     0 | D        | Reached XP level 1. HP: 18/18 MP: 3/3
     1 | D        | Noticed a neqoxec
     6 | D        | Noticed a neqoxec
     9 | D        | Killed a neqoxec
    10 | D        | Reached skill level 9 in Fighting
    10 | D        | Reached XP level 2. HP: 17/37 MP: 4/4
    10 | D        | Reached XP level 3. HP: 20/42 MP: 5/5
    10 | D        | Reached XP level 4. HP: 24/50 MP: 6/6
    10 | D        | Noticed a neqoxec
    11 | D        | Noticed a neqoxec
    11 | D        | Gained mutation: Your spells are a little easier to cast,
                  | but a little less powerful. [a neqoxec]
    14 | D        | Killed a neqoxec
    15 | D        | Reached skill level 11 in Fighting
    15 | D        | Reached XP level 5. HP: 18/61 MP: 7/7
    15 | D        | HP: 3/61 [neqoxec (9)]
    17 | D        | Gained mutation: You are clumsy. (Dex -2) [a neqoxec]
    18 | D        | Gained mutation: Your body sometimes deteriorates upon
                  | taking damage. [a neqoxec]
    21 | D        | HP: 3/61 [neqoxec (2)]
    22 | D        | Mangled by a neqoxec

Illustrated notes

Levels and vault maps discovered:
D:        the_violet_keep_of_menkaure [sprint2_stairs_cluster_1,
          sprint2_shoproom, sprint2_temple, sprint2_basic_supplies,
          sprint2_obstacle_5, sprint2_obstacle_7, sprint2_obstacle_1,
          sprint2_obstacle_2, sprint2_obstacle_4, sprint2_timed_cluster_1,
          sprint2_smallroom_cluster_1, sprint2_smallroom_final_cluster_1,
          sprint2_transparent_cluster_1, sprint2_second_timed_cluster_1,
          sprint2_sniper_area_1, sprint2_heavy_combat_area_1,
          sprint2_mutation_trap_area_1, sprint2_forest_area_1,
          sprint2_light_combat_area_1, sprint2_behind_water_1,
          sprint2_near_end_vault_1]

Skill      XL: |  1  2  3  4 |
---------------+-------------+-----
Fighting       | 9 11 | 11.5
Axes           | |  1.7
Armour         | |  2.6
Shields        | |  2.6

Action                   |  1- 3 |  4- 6 || total
-------------------------+-------+-------++-------
Melee: War axe           |     6 |    12 ||    18
  Use: Potion            |     2 |     1 ||     3
Armor: Scale mail        |       |     1 ||     1
Dodge: Dodged            |     1 |     2 ||     3
Block: Buckler           |     1 |       ||     1

Table legend: (Time is in decaauts)
 A = Elapsed time spent in this place.
 B = Non-inter-level travel time spent in this place.
 C = Inter-level travel time spent in this place.
 D = Time resting spent in this place.
 E = Time spent auto-exploring this place.
 F = Levels seen in this place.
 G = Mean time per level.
                   A        B        C        D        E       F      G
               +--------+--------+--------+--------+--------+-----+--------+
         Total |     28 |     28 |      0 |      0 |      0 |   1 |   28.0 |
       Dungeon |     28 |     28 |      0 |      0 |      0 |   1 |   28.0 |
               +--------+--------+--------+--------+--------+-----+--------+

Top non-repeatable levels by time:
       D: 28 daAuts
